 Dungeon Crawl Stone Soup version 0.30-a0-760-g5a9884bb7c (webtiles) character file.

Game seed: 5253734886560813134

143326 holysushi the Black Belt (level 16, -4/86 (93) HPs)
             Began as a Vampire Monk on Feb 12, 2023.
             Was the Champion of Ru.
             Slain by a salamander mystic
             ... wielding a +0 scimitar
              (19 damage)
             ... on level 4 of the Snake Pit.
             The game lasted 01:10:36 (35628 turns).

holysushi the Black Belt (Vampire Monk)            Turns: 35628, Time: 01:10:37

HP:   -4/86 (93)    AC:  0    Str: 10    XL:     16   Next: 82%
MP:   8/16          EV: 50    Int: 13    God:    Ru [******]
Gold: 2937          SH:  0    Dex: 29    Spells: 15/15 levels left

rFire   . . .      SeeInvis +      - Unarmed
rCold   + + .      Faith    .    (shield unavailable)
rNeg    + + +      Spirit   .    (body armour currently unavailable)
rPois   ∞          Reflect  .    (helmet currently unavailable)
rElec   .          Harm     .    (cloak currently unavailable)
rCorr   .          Rampage  .    (gloves currently unavailable)
Will    +....                    (boots currently unavailable)
Stlth   ++++++++++               i - amulet of regeneration
HPRegen 0.00/turn                (ring unavailable)
MPRegen 0.15/turn                (ring currently unavailable)

@: exhausted, bat-form, flying, bloodless, inhibited regen, studying 2 skills,
drained, very quick
A: fast, flying, no casting, tiny, bloodless, fangs 3, see invisible, missing a
hand, hated by all, inability to train armour, disrupted magic 2, vampiric 2
a: Revivify, End Transformation, Renounce Religion, Draw Out Power, Power Leap,
Apocalypse


You were on level 4 of the Snake Pit.
You worshipped Ru.
Ru was exalted by your worship.
You were a vampire bat.
You visited 5 branches of the dungeon, and saw 27 of its levels.
You also visited: Bailey, Gauntlet, Ice Cave and Volcano.

You collected 3477 gold pieces.
You spent 540 gold pieces at shops.

Inventory:

Missiles
 B - 4 throwing nets (quivered)
Armour
 a - a +1 robe (melded)
Jewellery
 i - an amulet of regeneration (around neck)
 q - a +4 ring of protection
 y - the ring of Zume {rF+ rN++ Int+5 Dex-5}
   (You found it in a Gauntlet)

   [ring of protection from fire]

   Int:       It affects your intelligence (+5).
   Dex:       It affects your dexterity (-5).
   rF:        It protects you from fire.
   rN:        It greatly protects you from negative energy.
 F - an amulet of faith
 G - a ring of ice
 J - a +5 ring of evasion
 K - a +6 ring of intelligence
 L - a +4 ring of protection
 N - a ring of poison resistance
Wands
 f - a wand of digging (18)
 n - a wand of iceblast (25)
 s - a wand of light (16)
 t - a wand of mindburst (10)
 E - a wand of flame (4)
Scrolls
 e - 5 scrolls of vulnerability
 o - 3 scrolls of enchant weapon
 p - 7 scrolls of teleportation
 r - 7 scrolls of identify
 z - 6 scrolls of blinking
 D - 5 scrolls of immolation
 H - 3 scrolls of fog
 M - a scroll of poison
Potions
 b - 13 potions of ambrosia
 c - 5 potions of curing
 d - 3 potions of haste
 g - 2 potions of might
 h - 5 potions of mutation
 j - 2 potions of brilliance
 k - 5 potions of berserk rage
 l - 2 potions of flight
 m - 4 potions of invisibility
 u - 3 potions of cancellation
 v - 4 potions of magic
 w - 4 potions of heal wounds
 x - 3 potions of lignification
 A - 4 potions of attraction
Miscellaneous
 C - a piece from Xom's chessboard (15/15)


   Skills:
 * Level 8.0 Fighting
 * Level 19.7 Dodging
 + Level 19.7 Stealth
 * Level 19.8 Unarmed Combat
 * Level 8.5 Evocations


You had 15 spell levels left.
You didn't know any spells.
Your spell library contained the following spells:

 Spells                   Type           Power      Damage    Failure   Level
 Magic Dart               Conj           0%         1d3       47%         1
 Necrotise                Necr           0%         1d4       47%         1
 Slow                     Hex            0%         N/A       47%         1
 Sting                    Tmut/Pois      0%         1d3       47%         1
 Lesser Beckoning         Tloc           0%         N/A       61%         2
 Poisonous Vapours        Pois/Air       0%         N/A       61%         2
 Static Discharge         Conj/Air       0%         2-2/arc   61%         2
 Sublimation of Blood     Necr           0%         N/A       61%         2
 Confusing Touch          Hex            0%         N/A       82%         3
 Frozen Ramparts          Ice            0%         1d1       82%         3
 Gell's Gravitas          Tloc           0%         N/A       82%         3
 Kindle Blastsparks       Fire/Tloc/Air  0%         2d10      82%         3
 Mephitic Cloud           Conj/Pois/Air  0%         N/A       82%         3
 Teleport Other           Tloc           0%         N/A       82%         3
 Vampiric Draining        Necr           0%         2d6       82%         3
 Vhi's Electric Charge    Tloc/Air       0%         N/A       82%         3
 Cause Fear               Hex            0%         N/A       99%         4
 Dispel Undead            Necr           0%         3d6       99%         4
 Fulminant Prism          Conj/Hex       0%         3d5       99%         4
 Ice Form                 Ice/Tmut       0%         N/A       99%         4
 Iskenderun's Mystic Bla  Conj/Tloc      0%         2d3       99%         4
 Olgreb's Toxic Radiance  Pois           0%         N/A       99%         4
 Petrify                  Tmut/Erth      0%         N/A       99%         4
 Agony                    Necr           0%         N/A       100%        5
 Arcjolt                  Conj/Air       0%         1d10      100%        5
 Blade Hands              Tmut           0%         N/A       100%        5
 Borgnjor's Vile Clutch   Necr/Erth      0%         N/A       100%        5
 Irradiate                Conj/Tmut      0%         3d11      100%        5
 Lee's Rapid Deconstruct  Erth           0%         3d4*      100%        5
 Lightning Bolt           Conj/Air       0%         1d11      100%        5
 Yara's Violent Unravell  Hex/Tmut       0%         3d3       100%        5
 Eringya's Noxious Bog    Tmut/Pois      0%         N/A       100%        6
 Dragon Form              Tmut           0%         N/A       100%        7
 Enfeeble                 Hex            0%         N/A       100%        7
 Orb of Destruction       Conj           0%         9d5       100%        7
 Polar Vortex             Ice            0%         N/A       100%        9
 Call Imp                 Summ           Unusable   N/A       N/A         2
 Summon Guardian Golem    Hex/Summ       Unusable   N/A       N/A         3
 Animate Dead             Necr           Unusable   N/A       N/A         4
 Summon Ice Beast         Ice/Summ       Unusable   N/A       N/A         4
 Summon Forest            Summ/Tloc      Unusable   N/A       N/A         5
 Death Channel            Necr           Unusable   N/A       N/A         6
 Spellforged Servitor     Conj/Summ      Unusable   N/A       N/A         7
 Summon Hydra             Summ           Unusable   N/A       N/A         7
 Dragon's Call            Summ           Unusable   N/A       N/A         9

Dungeon Overview and Level Annotations

Branches:
Dungeon (15/15) Zot: 25909  Temple (1/1) D:6 Zot: 5906    Lair (5/5) D:9 Zot: 24552
  Swamp (0/4) Lair:2        Snake (4/4) Lair:2 Zot: 21952   Slime (0/5) Lair:5
    Orc (2/2) D:9 Zot: 10672     Elf (0/3) Orc:2        Vaults (0/5) D:14
 Depths (0/4) D:15         Bailey (visited)           IceCv (visited)
Volcano (visited)         Gauntlet (visited)

Altars:
Ashenzari
Cheibriados
Dithmenos
Gozag
Kikubaaqudgha
Makhleb
Nemelex Xobeh
Okawaru
Qazlal
Ru
Sif Muna
Trog
Uskayaw
Vehumet
Wu Jian
Xom

Shops:
D:3 [   D:7 (   D:12 =   D:13 =   Orc:2 :=((

Annotations:
D:7 3 runed translucent doors, jlumianski's ghost, novice DsFi
D:10 exclusion: oklob plant
Lair:5 1 exclusion


Innate Abilities, Weirdness & Mutations

You are a vampire bat.
You are tiny and dextrous.
You move quickly.
You are flying.
You are immune to poison.
Your equipment is almost entirely melded.
You are incapable of wielding weapons or throwing items.
You cannot cast spells.
You do not regenerate when monsters are visible.
You are frail without blood (-20% HP).
You can heal yourself when you bite living creatures.
You are immune to poison.
You have razor-sharp teeth.
You have supernaturally acute eyesight. (SInv)
You are missing a hand.
You are hated by all.
You cannot train Armour skill.
Your casting is disrupted.
You are afflicted with vampirism and can become a bat while bloodless.


Message History

The shock serpent completely resists.
The bolt of electricity misses you.
The salamander mystic casts a spell at the black mamba.
The black mamba seems to speed up.
The salamander completely misses you. x2
The salamander hits you from afar with a +0 spear!
You are engulfed in flames!
The shock serpent closely misses you.
Found a potion of lignification.
You redirect the shock serpent's attack!
Activating: Apocalypse
Press: ? - help, Dir - look around, f - activate You reveal the great annihilating truth to your foes!
You kill the shock serpent!
The salamander slows down under the weight of truth!
You kill the shock serpent!
You kill the black mamba!
The salamander mystic doubts its magic when faced with ultimate truth!
You kill the salamander!
The salamander is paralysed by terrible understanding!
You kill the black mamba!
You feel drained.
The air sparks with electricity, shocking you! x2
You hear an angry hiss.
You hear a shout! x6; You hear an angry hiss.
You hear a shout! x5; You hear an angry hiss.
The salamander mystic begins to cast a spell, but is stunned by your conviction!
The salamander completely misses you.
Your Fighting skill increases to level 8!
Okay, then.
Unknown command.
The salamander mystic falters for a moment.
A salamander comes into view. It is wielding a +0 glaive.
The salamander mystic falters for a moment.
There is a stone staircase leading up here.
The helpless salamander fails to defend itself.
You draw the salamander's blood!
You feel better.
You maul the salamander!!
You kill the salamander!
A black mamba comes into view.
The salamander hits you from afar with a +0 halberd!
You are engulfed in flames!
The salamander mystic hits you with a +0 scimitar!
* * * LOW HITPOINT WARNING * * *
You are engulfed in flames!!
You die...

#.....# ##.....#
###..?...#### #
##.....#.....###.#.
#..................
.............S.....
.........N†........
........N..........
.....$.b)).†.......
.........†.........
............N.#####
.......#........
.....######.....#
####. .....# ##
..... ..


You could see a salamander mystic (magic disrupted), 2 salamanders and a black
mamba (wandering).

Vanquished Creatures
  A lich (IceCv)
  Kirke (D:14)
  A nagaraja (Snake:2)
  A reaper (Gauntlet)
  A very ugly thing (IceCv)
  A minotaur (D:12)
  The ghost of jimonade the Unseen, a journeyman VSBr of Uskayaw (Lair:5)
  A fire dragon (Lair:5)
  2 vault guards
  6 hydras
  7 anacondas
  A caustic shrike simulacrum (IceCv)
  5 boulder beetles
  A death knight (D:15)
  6 centaur warriors
  Erica (D:8)
  3 tengu warriors
  6 two-headed ogres
  2 alligators (Lair:4)
  5 death yaks
  7 naga warriors
  6 naga sharpshooters
  8 shock serpents
  Urug (D:11)
  A hell knight (Volcano)
  The ghost of Welicosh the Fighter, a novice GrAE of Vehumet (D:12)
  A fire crab (Lair:5)
  An orc high priest (Orc:1)
  2 salamander mystics
  Amaemon (D:9)
  A skyshark (Lair:4)
  Lodul (D:10)
  A goliath frog (Lair:4)
  5 bog bodies
  A spriggan simulacrum (IceCv)
  A naga ritualist (Snake:3)
  An obsidian statue (IceCv)
  Pikel (D:4)
  5 orc knights
  A swamp dragon (Lair:4)
  3 deep elf pyromancers
  2 necromancers
  3 orc sorcerers
  6 oklob plants (Lair:4)
  6 mana vipers
  16 salamanders
  13 ugly things
  3 cyclopes
  3 manticores
  A centaur zombie (D:15)
  Joseph (D:8)
  9 elephants
  11 naga magi
  19 black mambas
  3 guardian serpents
  2 gargoyles
  An orange demon (D:10)
  4 molten gargoyles
  4 cane toads
  2 rime drakes (Lair:5)
  A kobold demonologist (D:10)
  2 efreet
  An unseen horror (D:11)
  7 anaconda simulacra (IceCv)
  A centaur skeleton (D:15)
  A tengu conjurer (D:14)
  17 freezing wraiths
  10 komodo dragons
  A golden dragon simulacrum (IceCv)
  A queen bee (D:11)
  7 trolls
  A meliai (D:12)
  A tyrant leech (Lair:4)
  A hornet (D:10)
  A hellwing (Gauntlet)
  Prince Ribbit (Bailey)
  A polar bear (D:14)
  5 blink frogs
  3 shadows (Gauntlet)
  2 vampires
  2 dire elephant simulacra (IceCv)
  42 yaks
  A hog (D:14)
  6 fire bats (Volcano)
  7 wraiths
  6 wyverns
  18 humans
  4 basilisks
  Grum (D:9)
  A steam dragon (D:9)
  6 harpy simulacra
  2 minotaur simulacra (IceCv)
  30 nagas
  2 wargs (Orc:2)
  4 swamp worms (Lair:4)
  An acid dragon (D:12)
  11 water moccasins
  3 hell hounds (Lair:5)
  Duvessa (D:7)
  A swamp drake (Lair:4)
  3 alligator simulacra (IceCv)
  4 ice beasts
  39 orc warriors
  A sky beast (D:7)
  2 ettin simulacra (IceCv)
  7 wolves
  13 ogres
  23 centaurs
  2 phantoms
  A kobold brigand (D:5)
  A lemure (D:4)
  23 bullfrogs
  A gnoll sergeant (D:7)
  A necrophage (D:6)
  3 deep troll simulacra (IceCv)
  2 scorpions
  Dowan (D:7)
  4 wights (D:8)
  A hornet simulacrum (D:15)
  A lindwurm simulacrum (IceCv)
  30 killer bees
  3 howler monkeys
  4 electric eels
  9 lava snakes
  2 hounds
  21 orc priests
  A gnoll bouda (D:9)
  5 iguanas
  23 orc wizards
  A boggart skeleton (D:15)
  18 gnolls
  9 adders
  2 shadow imps
  4 white imps
  A worm (D:4)
  2 dart slugs
  66 orcs
  5 bats
  5 endoplasms
  13 giant cockroaches
  6 goblins
  21 hobgoblins
  9 jackals
  2 quokkas
  3 training dummies (D:7)
  4 ball pythons
  4 frilled lizards
  46 kobolds
  7 rats
885 creatures vanquished.

Vanquished Creatures (others)
  An anaconda (Snake:3)
  A salamander (Snake:1)
  2 cyclopes
  A gargoyle (D:11)
  A komodo dragon (D:9)
  A human (D:13)
  A harpy simulacrum (IceCv)
  An orc warrior (Orc:2)
  A centaur (Orc:1)
  An orc priest (Orc:2)
  6 orcs
  27 fungi
  54 plants
  4 withered plants (Gauntlet)
102 creatures vanquished.

Grand Total: 987 creatures vanquished

Notes
Turn   | Place    | Note
-------+----------+-------------------------------------------
     0 | D:1      | holysushi the Vampire Monk began the quest for the Orb.
     0 | D:1      | Reached XP level 1. HP: 17/17 MP: 1/1
    99 | D:1      | Reached XP level 2. HP: 23/23 MP: 2/2
   850 | D:1      | Gained mutation: You are afflicted with vampirism and can
                  | become a bat while bloodless. [Vampire growth]
   850 | D:1      | Reached XP level 3. HP: 25/28 MP: 3/3
  1149 | D:2      | Reached skill level 5 in Unarmed Combat
  1572 | D:3      | Found Huwaeheguc's Antique Armour Emporium.
  1583 | D:3      | Reached XP level 4. HP: 23/27 MP: 4/4
  1898 | D:3      | Found a faded altar of an unknown god.
  2149 | D:3      | Found a burning altar of Makhleb.
  2154 | D:3      | Noticed an angel
  2154 | D:3      | Noticed an Executioner
  2485 | D:4      | Noticed a phantom
  2514 | D:4      | Killed a phantom
  2515 | D:4      | Reached XP level 5. HP: 17/31 MP: 5/5
  2757 | D:4      | Noticed Pikel
  2758 | D:4      | Noticed a lemure
  2758 | D:4      | Noticed a lemure
  2759 | D:4      | Noticed a lemure
  2760 | D:4      | Noticed a lemure
  2980 | D:4      | Found a stormy altar of Qazlal.
  3017 | D:4      | Found a sacrificial altar of Ru.
  3201 | D:5      | Entered Level 5 of the Dungeon
  3399 | D:5      | Noticed an ogre
  3413 | D:5      | Killed an ogre
  3414 | D:5      | Reached XP level 6. HP: 36/36 MP: 6/6
  3437 | D:5      | Found a hide-covered altar of Uskayaw.
  3666 | D:5      | Reached skill level 5 in Dodging
  3839 | D:5      | Reached XP level 7. HP: 31/40 MP: 7/7
  4570 | D:5      | Reached skill level 10 in Unarmed Combat
  4641 | D:5      | Reached XP level 8. HP: 32/45 MP: 8/8
  5204 | D:6      | Found an ornate altar of the Wu Jian Council.
  5254 | D:6      | Found a staircase to the Ecumenical Temple.
  5311 | Temple   | Entered the Ecumenical Temple
  5550 | D:4      | Killed Pikel
  5679 | D:4      | Became a worshipper of Ru the Awakened
  5696 | D:4      | Gained mutation: You are missing a hand. [Ru sacrifice]
  5696 | D:4      | Reached * piety under Ru
  5696 | D:4      | Reached ** piety under Ru
  5765 | D:5      | Identified a scroll of acquirement
  5765 | D:5      | Acquired 666 gold pieces
  5995 | D:6      | Reached XP level 9. HP: 52/52 MP: 9/9
  6586 | D:7      | Found a flagged portal.
  6603 | D:7      | Noticed Duvessa
  6604 | D:7      | Noticed Dowan
  6617 | Bailey   | Entered a bailey
  6747 | Bailey   | Reached skill level 1 in Evocations
  7144 | Bailey   | Noticed Prince Ribbit
  7145 | Bailey   | Noticed a vault guard
  7191 | Bailey   | Killed Prince Ribbit
  7195 | Bailey   | Killed a vault guard
  7196 | Bailey   | Reached skill level 5 in Evocations
  7196 | Bailey   | Reached XP level 10. HP: 33/56 MP: 10/10
  7506 | Bailey   | Noticed a vault guard
  8238 | D:7      | Found Nesi's Firing Range.
  8290 | D:7      | Found a runed translucent gate.
  8290 | D:7      | Found a runed translucent gate.
  8290 | D:7      | Found a runed translucent gate.
  8290 | D:7      | Found an opulent altar of Gozag.
  8291 | D:7      | Noticed jlumianski's ghost (novice DsFi)
  8291 | D:7      | Noticed a boulder beetle
  8533 | D:7      | Killed Duvessa
  8541 | D:7      | Killed Dowan
  9087 | D:8      | Noticed Erica
  9098 | D:8      | Killed Erica
  9099 | D:8      | Reached skill level 10 in Dodging
  9110 | D:8      | Gained mutation: You are hated by all. [Ru sacrifice]
  9110 | D:8      | Reached *** piety under Ru
  9110 | D:8      | Reached **** piety under Ru
  9428 | D:8      | Found a radiant altar of Vehumet.
  9487 | D:8      | Reached skill level 10 in Stealth
  9629 | D:8      | Noticed Joseph
  9640 | D:8      | Killed Joseph
  9641 | D:8      | Reached XP level 11. HP: 44/61 MP: 11/11
 10501 | D:9      | Found a staircase to the Orcish Mines.
 11171 | D:9      | Found a staircase to the Lair.
 11289 | D:9      | Noticed Grum
 11296 | D:9      | Killed Grum
 11612 | D:10     | Entered Level 10 of the Dungeon
 11825 | D:10     | Noticed Lodul
 12048 | D:10     | Found a broken altar of Ashenzari.
 12140 | D:10     | Identified the ring of Reimbursement {Fly rElec rN++ Will-
                  | rCorr}
 12173 | D:10     | Noticed Amaemon
 12208 | D:9      | Killed Amaemon
 12654 | D:10     | Gained mutation: Your casting is slightly disrupted. [Ru
                  | sacrifice]
 12654 | D:10     | Reached ***** piety under Ru
 12655 | D:10     | Noticed an oklob plant
 12846 | D:10     | Killed Lodul
 13037 | D:10     | Noticed a two-headed ogre
 13145 | D:10     | Killed a two-headed ogre
 13335 | D:11     | Noticed Urug
 13865 | D:11     | Identified the +5 ring mail of Autumn {Rampage rF- Int+9}
 13869 | D:11     | Noticed a white ugly thing
 14029 | D:11     | Reached skill level 5 in Fighting
 14029 | D:11     | Reached XP level 12. HP: 59/68 MP: 3/12
 14283 | D:11     | Noticed a two-headed ogre
 14595 | D:11     | Killed a two-headed ogre
 14599 | D:11     | Killed Urug
 14906 | D:12     | Noticed Welicosh's ghost (novice GrAE)
 14906 | D:12     | Noticed a boulder beetle
 15102 | D:12     | Noticed a two-headed ogre
 15157 | D:12     | Killed a two-headed ogre
 15176 | D:12     | Found Axymn's Jewellery Boutique.
 15288 | D:11     | Noticed a two-headed ogre
 15913 | D:11     | Killed a two-headed ogre
 16220 | D:12     | Found a runed translucent gate.
 16220 | D:12     | Found a runed translucent gate.
 16220 | D:12     | Found a runed translucent gate.
 16220 | D:12     | Noticed a minotaur
 16764 | D:12     | Killed a boulder beetle
 16769 | D:12     | Killed a minotaur
 16782 | D:12     | Killed Welicosh's ghost
 16852 | D:12     | Gained mutation: Your casting is disrupted. [Ru sacrifice]
 17008 | D:12     | Bought an amulet of regeneration for 540 gold pieces
 17392 | D:13     | Noticed a centaur warrior
 17401 | D:13     | Killed a centaur warrior
 17450 | D:13     | Noticed a boulder beetle
 17458 | D:13     | Found Anoss's Jewellery Shoppe.
 17473 | D:13     | Killed a boulder beetle
 17488 | D:13     | Noticed a two-headed ogre
 17599 | Lair:1   | Entered Level 1 of the Lair of Beasts
 17814 | Lair:1   | Reached XP level 13. HP: 60/69 MP: 13/13
 18597 | Lair:2   | Found a staircase to the Snake Pit.
 18971 | Lair:2   | Found a staircase to the Swamp.
 18980 | Lair:2   | Reached skill level 15 in Stealth
 18980 | Lair:2   | Reached skill level 15 in Unarmed Combat
 19040 | Lair:2   | Reached skill level 15 in Dodging
 19724 | Lair:2   | Found a staircase to the Snake Pit.
 20202 | Lair:2   | Found a staircase to the Swamp.
 20545 | Lair:2   | Found a staircase to the Snake Pit.
 20663 | Lair:2   | Found a staircase to the Swamp.
 21655 | Lair:3   | Identified the +3 ring mail of Abstinence {*Slow rC+ rN+++
                  | Str-5}
 22487 | Lair:4   | Reached XP level 14. HP: 42/71 MP: 8/14
 23298 | Lair:5   | Entered Level 5 of the Lair of Beasts
 23370 | Lair:5   | Found a gate leading to a gauntlet.
 23380 | Gauntlet | Entered a Gauntlet
 23380 | Gauntlet | Found a transporter.
 23380 | Gauntlet | Found a transporter.
 23392 | Gauntlet | Found a transporter.
 23410 | Gauntlet | Found a transporter.
 23412 | Gauntlet | Found a transporter.
 23412 | Gauntlet | Found a transporter.
 23413 | Gauntlet | Found a transporter.
 23417 | Gauntlet | Noticed a reaper
 23421 | Gauntlet | Gained mutation: You cannot train Armour skill. [Ru
                  | sacrifice]
 23421 | Gauntlet | Reached ****** piety under Ru
 23425 | Gauntlet | Found a transporter.
 23438 | Gauntlet | Noticed a cacodemon
 23441 | Gauntlet | Found a transporter.
 23450 | Gauntlet | Found a runed translucent door.
 23451 | Gauntlet | Found a transporter.
 23452 | Gauntlet | Found a runed translucent door.
 23465 | Gauntlet | Found a transporter.
 23486 | Gauntlet | Found a transporter.
 23486 | Gauntlet | Found a transporter.
 23487 | Gauntlet | Found a runed translucent door.
 23501 | Gauntlet | Found a transporter.
 23587 | Gauntlet | Killed a reaper
 23589 | Gauntlet | Identified the ring of Zume {rF+ rN++ Int+5 Dex-5}
 23637 | Gauntlet | Identified the +3 leather armour "Awull" {Int+5}
 23652 | Lair:5   | Found a staircase to the Slime Pits.
 24274 | Lair:5   | Found a runed translucent door.
 24276 | Lair:5   | Noticed jimonade's ghost (journeyman VSBr)
 24800 | Lair:5   | Found a large runed translucent door.
 24801 | Lair:5   | Found a large runed translucent door.
 25315 | Lair:5   | Killed jimonade's ghost
 25532 | Orc:1    | Entered Level 1 of the Orcish Mines
 25641 | Orc:2    | Entered Level 2 of the Orcish Mines
 26167 | Orc:2    | Found a staircase to the Elven Halls.
 26223 | Orc:2    | Found a dark tunnel.
 26237 | Volcano  | Entered a volcano
 26597 | Volcano  | Found a bloodstained altar of Trog.
 26970 | Orc:2    | Found Juamuj's Jewellery Shoppe.
 26970 | Orc:2    | Found Tuidwiresh's Antique Weapon Boutique.
 26972 | Orc:2    | Found Ytousur's Antique Weapon Shop.
 26974 | Orc:2    | Found Wioxtid's Book Emporium.
 27363 | Orc:2    | Reached XP level 15. HP: 64/78 MP: 15/15
 28703 | D:14     | Noticed Kirke
 28707 | D:14     | Killed Kirke
 29489 | D:14     | Found a gate to the Vaults.
 29632 | D:15     | Entered Level 15 of the Dungeon
 30020 | D:15     | Found a burning altar of Makhleb.
 30982 | D:15     | Found a staircase to the Depths.
 31215 | Snake:1  | Entered Level 1 of the Snake Pit
 32378 | Snake:2  | Found a snail-covered altar of Cheibriados.
 32492 | Snake:2  | Noticed a nagaraja
 32494 | Snake:2  | Reached XP level 16. HP: 73/77 MP: 7/16
 32956 | Snake:2  | Found a frozen archway.
 32965 | IceCv    | Entered an ice cave
 33816 | IceCv    | Found an ancient bone altar of Kikubaaqudgha.
 33989 | IceCv    | Noticed a lich
 33996 | IceCv    | Killed a lich
 34134 | IceCv    | Got the Codex of Morbid Firn
 34623 | Snake:3  | Identified the +1 pair of boots of the Hidden Vale {Stlth+}
 35606 | Snake:4  | Entered Level 4 of the Snake Pit
 35628 | Snake:4  | Slain by a salamander mystic

Illustrated notes

Levels and vault maps discovered:
D:1:      tekkud_arrival_beachfront_property, layout_basic
D:2:      layout_rooms, serial_forest, infiniplex_forest_lined_room_2,
          infiniplex_forest_lined_4_way, infiniplex_forest_clump_medium,
          infiniplex_forest_lined_2, infiniplex_forest_clump_long,
          infiniplex_forest_corner_1
D:3:      minmay_roachtagon, layout_rooms,
          grunt_temple_overflow_order_and_chaos_2, basic_ecumenical_altar,
          serial_shops, shop, st_stairs_6, minmay_tree_intersection,
          minmay_hedge_maze
D:4:      layout_loops_ring, mainiacjoe_overflow_two_lobes, uniq_pikel
D:5:      minmay_goblin_kobold_castle, layout_rooms,
          mainiacjoe_overflow_cross_hatched
D:6:      layout_basic, nzn_wu_jian_council_hall,
          minmay_temple_entry_enclosed_plants
D:7:      layout_gridville, ebering_ghost_gozag, enter_bailey_6,
          nicolae_shop_firing_range, uniq_duvessa
D:8:      layout_basic, nicolae_vehumet_radiance, uniq_joseph, uniq_erica
D:9:      layout_roguey, david_lair_shrubbed, minmay_orc_entry_temple_small,
          uniq_grum
D:10:     layout_loops_ring, tgw_fedhas, mainiacjoe_overflow_small_starburst,
          amcnicky_mini_corridor_feature, kennysheep_generic_room_10,
          uniq_amaemon, uniq_lodul
D:11:     layout_roguey [special_room_bee], uniq_urug
D:12:     layout_big_octagon, maelrawn_ghost_gauntlet_escape, serial_shops, shop
D:13:     layout_cave_pools, serial_shops, nicolae_shop_hallway_stairs,
          hangedman_abyss_or_decor_stagger
D:14:     layout_rooms, ximxim_vaults_locker_room, serial_ice, serial_ice_b,
          serial_ice_h, serial_ice_d, serial_ice_m, uniq_kirke
D:15:     grunt_enter_depths_magical_seal, layout_gridville,
          serial_bayou_shore_b, makhleb_altar_promises_db
Temple:   hellmonk_temple_forest_ring
Lair:1:   layout_roguey, special_room, nicolae_lair_grove_arrangements,
          minmay_stone_trees_small
Lair:2:   layout_hall_layers, skrybe_swamp_entry_bodies,
          guppyfry_snake_entry_garden, serial_bayou_ford_a
Lair:3:   layout_long_grid, chequers_serial_rivers_micro_e,
          infiniplex_staircase_pool, lemuel_fruit_fields
Lair:4:   onia_ninara_swampy_vault, layout_long_grid, serial_rivers,
          chequers_serial_rivers_micro_c, chequers_serial_rivers_marsh,
          chequers_serial_rivers_small_3, chequers_serial_rivers_micro_a,
          chequers_serial_rivers_micro_d, dpeg_oklob_1, lemuel_fruit_tree
Lair:5:   cheibrodos_lair_end_hotspot, layout_layer_cave, slime_entry_1,
          gauntlet_entry_generic, ebering_ghost_inner_flame,
          serial_bayou_shore_b
Snake:1:  layout_cave_shapes, nicolae_snake_bzzzt
Snake:2:  layout_onion, portal_ice_cave_entry_pillars_1, basic_altar
Snake:3:  layout_gridlike, nicolae_snake_salamander_jacuzzi
Snake:4:  snake_pit_salamanders_mu, layout_rooms, serial_bayou_pond_b,
          uniq_vashnia
Orc:1:    layout_caves, basic_altar
Orc:2:    st_orc_rangers, layout_caves, nicolae_volcano_entry_s_turn,
          david_defended_altar_orc

Skill      XL: |  1  2  3  4  5  6  7  8  9 10 11 12 13 14 15 16 |
---------------+-------------------------------------------------+-----
Unarmed Combat | 4 5 6 8 10 11 12 13 14 16 17 19 | 19.8
Dodging        | 4 5 6 7 11 13 14 16 17 19 | 19.7
Fighting       | 4 5 6 8 |  8.0
Stealth        | 6 8 10 13 14 16 17 19 | 19.7
Evocations     | 5 6 8 |  8.5

Action                     |  1- 3 |  4- 6 |  7- 9 | 10-12 | 13-15 | 16-18 || total
---------------------------+-------+-------+-------+-------+-------+-------++-------
  Melee: Unarmed           |   130 |   279 |   394 |   838 |  1609 |   354 ||  3604
         Bite              |    19 |    46 |    57 |   160 |   340 |    85 ||   707
         Punch             |     1 |       |       |       |       |       ||     1
 Invoke: Sacrifice a Hand  |       |       |     1 |       |       |       ||     1
         Sacrifice Love    |       |       |       |     1 |       |       ||     1
         Power Leap        |       |       |       |     6 |     8 |     2 ||    16
         Apocalypse        |       |       |       |     7 |    21 |     8 ||    36
         Sacrifice Essence |       |       |       |     2 |       |       ||     2
         Reject Sacrifices |       |       |       |       |     1 |       ||     1
         Sacrifice Durabil |       |       |       |       |     1 |       ||     1
Ability: Bat Form          |     1 |       |       |       |       |       ||     1
         Exsanguinate      |     1 |       |       |       |       |       ||     1
  Evoke: Wand              |       |       |     5 |     5 |    26 |     8 ||    44
         Piece from Xom's  |       |       |       |       |    14 |       ||    14
    Use: Scroll            |     1 |     4 |     9 |     3 |    11 |     2 ||    30
         Potion            |       |     1 |     4 |       |     2 |       ||     7
   Stab: Sleeping          |    10 |     9 |    14 |    26 |    33 |     8 ||   100
         Distracted        |     1 |       |     4 |    13 |    37 |     8 ||    63
         Invisible         |       |     3 |       |    15 |    30 |    13 ||    61
         Paralysed         |       |       |       |    10 |    24 |     3 ||    37
         Petrified         |       |       |       |       |     7 |       ||     7
         Confused          |       |       |       |       |     3 |       ||     3
 Armour: Robe              |    11 |       |       |       |       |       ||    11
  Dodge: Dodged            |    94 |   265 |   262 |   655 |  1520 |   359 ||  3155

Table legend: (Time is in decaauts)
 A = Elapsed time spent in this place.
 B = Non-inter-level travel time spent in this place.
 C = Inter-level travel time spent in this place.
 D = Time resting spent in this place.
 E = Time spent auto-exploring this place.
 F = Levels seen in this place.
 G = Mean time per level.
                   A        B        C        D        E       F      G
               +--------+--------+--------+--------+--------+-----+--------+
         Total |  26382 |  25159 |   1223 |   7016 |  10681 |  31 |  851.0 |
       Dungeon |  14832 |  14002 |    830 |   3888 |   6493 |  15 |  988.8 |
        Temple |     93 |     84 |      9 |      0 |     79 |   1 |   93.0 |
          Lair |   5447 |   5196 |    251 |   1143 |   2705 |   5 | 1089.4 |
     Snake Pit |   2046 |   1948 |     98 |    325 |    689 |   4 |  511.5 |
  Orcish Mines |   1327 |   1293 |     34 |    396 |    414 |   2 |  663.5 |
        Bailey |   1069 |   1069 |      0 |    684 |     14 |   1 | 1069.0 |
      Ice Cave |   1042 |   1042 |      0 |    488 |    158 |   1 | 1042.0 |
       Volcano |    348 |    348 |      0 |     68 |     59 |   1 |  348.0 |
      Gauntlet |    172 |    172 |      0 |     22 |     67 |   1 |  172.0 |
               +--------+--------+--------+--------+--------+-----+--------+

Top non-repeatable levels by time:
  Lair:2: 2053 daAuts
    D:11: 2017 daAuts
     D:9: 1644 daAuts
    D:12: 1373 daAuts
  Lair:5: 1245 daAuts
     D:5: 1237 daAuts
  Bailey: 1069 daAuts
   IceCv: 1042 daAuts
     D:1: 969 daAuts
    D:10: 947 daAuts
     D:4: 913 daAuts
     D:8: 884 daAuts
  Lair:4: 884 daAuts
    D:15: 866 daAuts
     D:3: 818 daAuts
